 Dungeon Crawl Stone Soup version 0.30.1-11-g7821555f0a (webtiles) character file.

Game seed: 4980237609571675614

191 Unglued128 the Ducker (level 5, -1/41 HPs)
             Began as a Gnoll Wanderer on Nov 18, 2023.
             Was an Initiate of Ashenzari.
             Slain by a gnoll
             ... wielding a +0 flail
              (8 damage)
             ... on level 3 of the Dungeon.
             The game lasted 00:07:42 (1454 turns).

Unglued128 the Ducker (Gnoll Wanderer)              Turns: 1454, Time: 00:07:43

Health: -1/41      AC:  6    Str:  7    XL:     5   Next: 70%
Magic:  7/7        EV: 15    Int: 10    God:    Ashenzari [......]
Gold:   87         SH:  0    Dex: 19    Spells: 7/7 levels left

rFire   . . .        j - +4 short sword
rCold   . . .        (no shield)
rNeg    . . .        c - +0 leather armour
rPois   .            h - +0 helmet
rElec   .            (no cloak)
rCorr   .            (no gloves)
SInv    .            i - +0 pair of boots
Will    .....        (no amulet)
Stlth   ++           (no ring)
HPRegen 0.26/turn    (no ring)
MPRegen 0.10/turn

%: no passive effects
@: no status effects
A: fangs 1, strong nose, distributed training
a: Renounce Religion


You were on level 3 of the Dungeon.
You worshipped Ashenzari.
Ashenzari was noncommittal.
You visited 1 branch of the dungeon, and saw 3 of its levels.

You collected 87 gold pieces.

Inventory:

Hand Weapons
 j - a +4 short sword (weapon)
Missiles
 b - 3 throwing nets (quivered)
Armour
 c - a +0 leather armour (worn)
 h - a +0 helmet (worn)
 i - a +0 pair of boots (worn)
Jewellery
 a - a ring of resist corrosion
Scrolls
 e - a scroll of fog
 m - a scroll of vulnerability {unknown}
 n - 4 scrolls of immolation {unknown}
Potions
 d - a potion of lignification
 f - a potion of magic {unknown}
 g - 2 potions of heal wounds {unknown}
 k - a potion of cancellation {unknown}
 l - a potion of curing {unknown}


   Skills:
 + Level 3.1 Fighting
 + Level 4.8 Short Blades
 + Level 1.6 Long Blades
 + Level 1.6 Axes
 + Level 1.6 Maces & Flails
 + Level 1.6 Polearms
 + Level 1.6 Staves
 + Level 1.6 Ranged Weapons
 + Level 1.6 Throwing
 + Level 6.7 Armour
 + Level 6.7 Dodging
 + Level 1.6 Stealth
 + Level 1.6 Shields
 + Level 1.6 Unarmed Combat
 + Level 1.6 Spellcasting
 + Level 1.3 Conjurations
 + Level 1.3 Hexes
 + Level 1.3 Summonings
 + Level 1.3 Necromancy
 + Level 1.3 Translocations
 + Level 1.3 Transmutations
 + Level 1.3 Fire Magic
 + Level 1.3 Ice Magic
 + Level 1.3 Air Magic
 + Level 1.3 Earth Magic
 + Level 1.3 Poison Magic
 + Level 1.9 Invocations
 + Level 3.1 Evocations


You had 7 spell levels left.
You didn't know any spells.
Your spell library contained the following spells:

 Spells                   Type           Power      Damage    Failure   Level
 Summon Guardian Golem    Hex/Summ       3%         N/A       61%         3
 Orb of Destruction       Conj           1%         9d5       100%        7
 Spellforged Servitor     Conj/Summ      1%         N/A       100%        7


Dungeon Overview and Level Annotations

Branches:
Dungeon (3/15)

Altars:
Ashenzari


Innate Abilities, Weirdness & Mutations

You have very sharp teeth.
Your uncanny sense of smell can sniff out nearby items.
Your experience applies equally to all skills.


Message History

The gnoll is lightly wounded.
The gnoll hits you with a +0 club.
You completely miss the gnoll.
The gnoll is lightly wounded.
You hit the gnoll.
The gnoll is moderately wounded.
The gnoll hits you with a +0 club.
You hit the gnoll.
The gnoll is severely wounded.
The gnoll completely misses you.
You barely miss the gnoll.
The gnoll is severely wounded.
The gnoll closely misses you.
You hit the gnoll.
You kill the gnoll!
You puncture the gnoll! You bite the gnoll.
The gnoll is heavily wounded.
The gnoll hits you with a +0 flail!
You hit the gnoll.
You kill the gnoll!
A gnoll comes into view. It is wielding a +0 flail.
You barely miss the orc.
The gnoll shouts!
The orc misses you.
You closely miss the orc. The orc closely misses you.
You hit the orc.
The orc is severely wounded.
You hit the orc.
You kill the orc!
You hit the gnoll but do no damage. The gnoll hits you with a +0 flail.
You hit the gnoll.
The gnoll is heavily wounded.
The gnoll hits you with a +0 flail!
* * * LOW HITPOINT WARNING * * *
You hit the gnoll. You bite the gnoll, but do no damage.
The gnoll is almost dead.
You closely miss the gnoll. You bite the gnoll, but do no damage.
The gnoll is almost dead.
The gnoll hits you with a +0 flail!
You die...

......# ##+### ......#
#....# ..†...# #....# .
......###.#.)# .. #.#
...##...._...# ... #.#
...######.#####.. #.#
......# #..#... ∆ . #.#
......####.#.#######._^#
#.#
......+.........@g......
#.#
###...####.#.#.######..#
#.# # ###...####.#.#.#
#.# # .).........#.#.#
#.#.# .###########.#.#
#.#.# .....## #.#.#
#..#.#.#.# ......# #.#..
#..#.#.#.# ......####
#.#.# # #..#.#.#.#
.........#
#.#########.#..#.#.#.#


You could see a gnoll.

Vanquished Creatures
  An orc priest (D:3)
  A hound (D:3)
  3 gnolls
  5 adders
  2 dart slugs (D:3)
  7 orcs (D:3)
  3 ball pythons
  3 bats
  6 endoplasms
  A giant cockroach (D:1)
  5 goblins
  4 hobgoblins (D:1)
  4 kobolds
  A quokka (D:1)
  2 frilled lizards (D:1)
  4 rats
52 creatures vanquished.

Notes
Turn   | Place    | Note
-------+----------+-------------------------------------------
     0 | D:1      | Unglued128 the Gnoll Wanderer began the quest for the Orb.
     0 | D:1      | Unglued128 set off with the following items: a +0 short
                  | sword, 2 throwing nets, a +0 leather armour, a potion of
                  | lignification, a scroll of fog.
     0 | D:1      | Reached XP level 1. HP: 17/17 MP: 1/1
   155 | D:1      | Reached XP level 2. HP: 16/23 MP: 2/2
   400 | D:1      | Reached XP level 3. HP: 28/28 MP: 3/3
   646 | D:2      | Reached skill level 1 in Invocations
   686 | D:2      | Reached skill level 1 in Long Blades
   686 | D:2      | Reached skill level 1 in Axes
   686 | D:2      | Reached skill level 1 in Maces & Flails
   686 | D:2      | Reached skill level 1 in Polearms
   686 | D:2      | Reached skill level 1 in Staves
   686 | D:2      | Reached skill level 1 in Ranged Weapons
   686 | D:2      | Reached skill level 1 in Throwing
   686 | D:2      | Reached skill level 1 in Stealth
   686 | D:2      | Reached skill level 1 in Shields
   686 | D:2      | Reached skill level 1 in Unarmed Combat
   686 | D:2      | Reached skill level 1 in Spellcasting
   866 | D:2      | Reached XP level 4. HP: 34/34 MP: 5/5
  1080 | D:3      | Reached skill level 1 in Conjurations
  1080 | D:3      | Reached skill level 1 in Hexes
  1080 | D:3      | Reached skill level 1 in Summonings
  1080 | D:3      | Reached skill level 1 in Necromancy
  1080 | D:3      | Reached skill level 1 in Translocations
  1080 | D:3      | Reached skill level 1 in Transmutations
  1080 | D:3      | Reached skill level 1 in Fire Magic
  1080 | D:3      | Reached skill level 1 in Ice Magic
  1080 | D:3      | Reached skill level 1 in Air Magic
  1080 | D:3      | Reached skill level 1 in Earth Magic
  1080 | D:3      | Reached skill level 1 in Poison Magic
  1257 | D:3      | Reached XP level 5. HP: 40/40 MP: 7/7
  1411 | D:3      | Found a broken altar of Ashenzari.
  1427 | D:3      | Became a worshipper of Ashenzari the Shackled
  1435 | D:3      | Found a faded altar of an unknown god.
  1454 | D:3      | Slain by a gnoll

Illustrated notes

Levels and vault maps discovered:
D:1:      spicycebolla_arrival_transporter_tutorial, layout_rooms,
          skrybe_limestone_x, corner_web_ring, kennysheep_decorative_pillar
D:2:      layout_basic
D:3:      layout_basic, ashenzari_altar_1, ebering_ecumenical_altar_webs

Skill      XL: |  1  2  3  4  5 |
---------------+----------------+-----
Invocations    | 1 |  1.9
Long Blades    | 1 |  1.6
Axes           | 1 |  1.6
Maces & Flails | 1 |  1.6
Polearms       | 1 |  1.6
Staves         | 1 |  1.6
Ranged Weapons | 1 |  1.6
Throwing       | 1 |  1.6
Stealth        | 1 |  1.6
Shields        | 1 |  1.6
Unarmed Combat | 1 |  1.6
Spellcasting   | 1 |  1.6
Conjurations   | 1 |  1.3
Hexes          | 1 |  1.3
Summonings     | 1 |  1.3
Necromancy     | 1 |  1.3
Translocations | 1 |  1.3
Transmutations | 1 |  1.3
Fire Magic     | 1 |  1.3
Ice Magic      | 1 |  1.3
Air Magic      | 1 |  1.3
Earth Magic    | 1 |  1.3
Poison Magic   | 1 |  1.3
Fighting       | 3 |  3.1
Evocations     | 3 |  3.1
Short Blades   | |  4.8
Armour         | |  6.7
Dodging        | |  6.7

Action                     |  1- 3 |  4- 6 || total
---------------------------+-------+-------++-------
  Melee: Short sword       |   107 |    83 ||   190
         Bite              |    11 |     9 ||    20
         Punch             |     3 |     1 ||     4
   Stab: Sleeping          |       |     1 ||     1
         Distracted        |       |     1 ||     1
 Armour: Leather armour    |    31 |    11 ||    42
  Dodge: Dodged            |    74 |    47 ||   121
